 Dungeon Crawl Stone Soup version 0.20-a0-739-g6bb112f (webtiles) character file.

668 esteth the Insei (level 7, -2/52 HPs)
             Began as a Yellow Draconian Transmuter on Feb 24, 2017.
             Was an Initiate of Makhleb.
             Succumbed to an orc's poison
             ... on level 5 of the Dungeon.
             The game lasted 00:13:29 (5111 turns).

esteth the Insei (Yellow Draconian Transmuter)      Turns: 5111, Time: 00:13:30

Health: -2/52      AC:  2    Str: 12    XL:     7   Next: 32%
Magic:  7/10       EV: 19    Int: 21    God:    Makhleb [......]
Gold:   239        SH:  0    Dex: 17    Spells: 0/10 levels left

rFire    . . .     SeeInvis .     - Unarmed
rCold    . . .     Gourm    .   (armour unavailable)
rNeg     . . .     Faith    .   (shield currently unavailable)
rPois    x         Spirit   .   (helmet currently unavailable)
rElec    .         Reflect  .   (cloak currently unavailable)
rCorr    .         Harm     .   (gloves currently unavailable)
MR       .....                  (boots currently unavailable)
Stlth    ++........             (no amulet)
Regen    0.2/turn               e - +2 ring of intelligence
MPRegen  0.2/turn               h - +4 ring of intelligence

@: lethally poisoned (-2 -> -72), spider-form
A: (spit acid), (acid resistance), unfitting armour, (cold-blooded), AC +6
a: End Transformation, Renounce Religion


You were on level 5 of the Dungeon.
You worshipped Makhleb.
Makhleb was noncommittal.
You were not hungry.
You were a venomous arachnid creature.
You visited 2 branches of the dungeon, and saw 6 of its levels.

You collected 239 gold pieces.

Inventory:

Missiles
 a - 6 arrows (quivered)
Armour
 g - a +2 cloak (melded)
 i - a +1 pair of boots (melded)
Jewellery
 e - a +2 ring of intelligence (right front leg)
 h - a +4 ring of intelligence (left front leg)
 m - an uncursed ring of see invisible
 o - an uncursed ring of protection from cold
Wands
 n - a wand of lightning (8/15)
Scrolls
 d - a scroll of recharging
 k - a scroll of remove curse
 l - 3 scrolls of identify
Books
 b - a book of Changes

   Spells                             Type                      Level
   a - Beastly Appendage              Transmutation                1
   b - Sticks to Snakes               Transmutation                2
   c - Spider Form                    Transmutation/Poison         3
   d - Ice Form                       Ice/Transmutation            4
   e - Blade Hands                    Transmutation                5
Comestibles
 c - 3 bread rations
 f - 5 fruits
 j - 4 meat rations
 q - a royal jelly


   Skills:
 - Level 1.1 Fighting
 - Level 1.7 Dodging
 - Level 7.0 Unarmed Combat
 - Level 2.0 Spellcasting
 - Level 4.2 Transmutations
 + Level 2.8 Ice Magic


You couldn't memorise any spells.
You knew the following spells:

 Your Spells              Type           Power        Failure   Level  Hunger
a - Beastly Appendage     Tmut           ###...       10%         1    #......
b - Sticks to Snakes      Tmut           ###.....     14%         2    ##.....
c - Spider Form           Tmut/Pois      ##........   41%         3    ###....
d - Ice Form              Ice/Tmut       ###.....     56%         4    #####..


Dungeon Overview and Level Annotations

Branches:
Dungeon (5/15)             Temple (1/1) D:4

Altars:
Ashenzari
Cheibriados
Dithmenos
Elyvilon
Fedhas
Hepliaklqana
Makhleb
Okawaru
Qazlal
Ru
Sif Muna
Trog
Xom
Zin
The Shining One

Annotations:
D:5 Malvoorn's ghost, novice TeBe


Innate Abilities, Weirdness & Mutations

((You can spit globs of acid.))
((You are resistant to acid.))
((Your golden yellow scales are hard. (AC +6)))
You cannot fit into any form of body armour.
((You are cold-blooded and may be slowed by cold attacks.))


Message History

You feel sick.
The orc wizard gestures wildly while chanting.
The orc wizard flickers and vanishes!
Deactivating autopickup; reactivate with Ctrl-A.
The orc hits you with a dagger of venom.
You are more poisoned.
You hit the orc priest.
The orc priest is poisoned.
The orc priest is heavily wounded.
* * * LOW HITPOINT WARNING * * *
You feel very sick. The orc priest hits you with a flail.
* * * LOW HITPOINT WARNING * * *
Something hits you.
* * * LOW HITPOINT WARNING * * *
The orc hits you with a dagger of venom.
* * * LOW HITPOINT WARNING * * *
You are more poisoned.
You closely miss the orc priest.
The orc priest is severely wounded.
You die...

..... .. #...# # #.
#...# .# ##. #?..##.###
#.# #..>.....# ..# #.#
#........# ..# #.#
#........# ..## #.##
#.so$....# ...#####..#
#.{o.....# #.........###
##.#.....# .##.####....#
#.#.....# ....####.##.#
#.# ....#
.##.......#.####.#######
.##.....#..........#
#######............#
##.).........#


You could see an orc priest and an orc.

Vanquished Creatures
  An ogre (D:4)
  A scorpion (D:4)
  2 crimson imps
  A bullfrog zombie (D:3)
  2 hounds (D:4)
  An orc priest (D:3)
  A bullfrog skeleton (D:5)
  4 worker ants
  An orc wizard (D:3)
  3 gnolls (D:3)
  7 adders
  A shadow imp (D:5)
  An ooze (D:2)
  An adder skeleton (D:4)
  A worm (D:3)
  5 leopard geckos
  5 orcs
  5 giant cockroaches
  10 goblins
  4 hobgoblins
  4 jackals
  2 quokkas
  A ball python skeleton (D:4)
  7 bats
  3 frilled lizards (D:2)
  2 kobolds
  7 rats
83 creatures vanquished.

Vanquished Creatures (collateral kills)
  A hound (D:4)
  2 jackals (D:3)
3 creatures vanquished.

Grand Total: 86 creatures vanquished

Notes
Turn   | Place    | Note
-------+----------+-------------------------------------------
     0 | D:1      | esteth the Draconian Transmuter began the quest for the Orb.
     0 | D:1      | Reached XP level 1. HP: 16/16 MP: 3/3
   211 | D:1      | Reached XP level 2. HP: 23/23 MP: 5/5
   227 | D:1      | Learned a level 2 spell: Sticks to Snakes
   511 | D:1      | Reached skill level 4 in Unarmed Combat
   724 | D:2      | Reached XP level 3. HP: 21/28 MP: 6/6
  1227 | D:2      | Learned a level 3 spell: Spider Form
  1344 | D:3      | Reached XP level 4. HP: 27/35 MP: 5/7
  1369 | D:3      | Found a white marble altar of Elyvilon.
  1470 | D:3      | Reached skill level 5 in Unarmed Combat
  1846 | D:3      | Reached XP level 5. HP: 40/40 MP: 8/8
  2171 | D:3      | Reached skill level 6 in Unarmed Combat
  2945 | D:4      | Found a staircase to the Ecumenical Temple.
  2945 | D:4      | Noticed an ogre
  2960 | D:4      | Killed an ogre
  2960 | D:4      | Reached skill level 7 in Unarmed Combat
  2960 | D:4      | Reached XP level 6. HP: 38/47 MP: 5/9
  3278 | Temple   | Entered the Ecumenical Temple
  3496 | Temple   | Became a worshipper of Makhleb the Destroyer
  4012 | D:4      | Found a hazy altar of Hepliaklqana.
  4039 | D:5      | Entered Level 5 of the Dungeon
  4218 | D:5      | Your scales start taking on a golden yellow colour.
  4218 | D:5      | Reached XP level 7. HP: 50/52 MP: 10/10
  4276 | D:5      | Learned a level 4 spell: Ice Form
  4291 | D:5      | Noticed Malvoorn's ghost (novice TeBe)
  4343 | D:4      | Reached skill level 1 in Ice Magic
  5111 | D:5      | Succumbed to an orc's poison

Vault maps used:
D:1:      saegor_arrival_simple_d, nrook_loot_triangle, minmay_ruptured
D:2:      first_bread, due_unseen_surprise
D:3:      elyvilon_altar_3
D:4:      kennysheep_mini, minmay_temple_entry_overgrown, st_stairs_10
D:5:      gammafunk_temple_overflow_wave
Temple:   nicolae_temple_figure_eight

Skill      XL: |  1  2  3  4  5  6  7 |
---------------+----------------------+-----
Unarmed Combat | 4 5 7 |  7.0
Transmutations | 4 |  4.2
Ice Magic      | 2 |  2.8
Fighting       | |  1.1
Dodging        | |  1.7
Spellcasting   | |  2.0

Action                   |  1- 3 |  4- 6 |  7- 9 || total
-------------------------+-------+-------+-------++-------
Melee: Unarmed           |   125 |   180 |    64 ||   369
       Tailslap          |     6 |    25 |     4 ||    35
       Punch             |     2 |     3 |       ||     5
 Cast: Sticks to Snakes  |     1 |     4 |     1 ||     6
       Spider Form       |       |       |     5 ||     5
 Abil: Breathe Acid      |       |       |     1 ||     1
  Use: Potion            |     2 |     2 |     2 ||     6
       Scroll            |     7 |     5 |       ||    12
 Stab: Sleeping          |     1 |       |     1 ||     2
       Distracted        |     1 |     2 |       ||     3
  Eat: Chunk             |     1 |     5 |     4 ||    10
       Bread ration      |       |     1 |       ||     1
Armor: Skin              |    39 |    54 |    24 ||   117
Dodge: Dodged            |    92 |   109 |    56 ||   257
